 Dungeon Crawl Stone Soup version 0.18.1-6-gd335043 (webtiles) character file.

536 Leszczynek the Cudgeler (level 7, 0/52 HPs)
             Began as a Human Chaos Knight on May 18, 2016.
             Slain by an orc
             ... wielding a +0 flail
              (2 damage)
             ... on level 5 of the Dungeon.
             The game lasted 00:11:44 (3618 turns).

Leszczynek the Cudgeler (Human Chaos Knight)        Turns: 3618, Time: 00:11:45

Health: 0/52       AC: 10    Str: 14    XL:     7   Next: 50%
Magic:  7/7        EV: 11    Int: 13    God:    Xom [*.....]
Gold:   251        SH:  7    Dex: 12    Spells: 0 memorised, 6 levels left

rFire  . . .     SeeInvis .     a - +0 mace (chaos)
rCold  . . .     Gourm    .     t - +2 leather armour
rNeg   . . .     Faith    .     g - +0 buckler
rPois  .         Spirit   .     i - +2 helmet
rElec  .         Dismiss  .     u - +1 cloak
rCorr  .         Reflect  +     (no gloves)
SustAt .         Harm     .     (no boots)
MR     .....                    o - +3 amulet of reflection
Stlth  +.........               (no ring)
                                (no ring)

@: not resistant to hostile enchantments, very unstealthy
A: mutation resistance 1
a: Renounce Religion


You were on level 5 of the Dungeon.
You worshipped Xom.
You were a special plaything of Xom.
You were not hungry.

You visited 1 branch of the dungeon, and saw 5 of its levels.

You collected 251 gold pieces.

Inventory:

Hand Weapons
 a - a +0 mace of chaos (weapon)
 b - a +0 blowgun
 p - a +0 flail
Missiles
 e - 8 silver javelins (quivered)
 h - 73 poisoned needles
Armour
 g - a +0 buckler (worn)
 i - a +2 helmet (worn)
 t - a +2 leather armour (worn)
 u - a +1 cloak (worn)
Jewellery
 o - a +3 amulet of reflection (around neck)
Wands
 m - a wand of confusion (17/48)
Scrolls
 d - a scroll of remove curse
 q - 2 scrolls of identify
 s - a scroll of teleportation
Potions
 f - a potion of cure mutation
 v - a potion of brilliance {unknown}
Comestibles
 c - 3 bread rations
 j - 2 chunks of flesh
 k - a meat ration
 l - 3 fruits
 n - 2 beef jerkies
 r - a slice of pizza


   Skills:
 - Level 3.0 Fighting
 + Level 5.7 Maces & Flails
 + Level 4.6 Throwing
 - Level 2.0 Armour
 - Level 1.0 Dodging
 + Level 2.5 Shields


You had 6 spell levels left.
You didn't know any spells.

Dungeon Overview and Level Annotations

Branches:
Dungeon (5/15)
 Temple: D:4-7

Altars:
Ashenzari
Fedhas
Qazlal
Sif Muna

Annotations:
D:4 Pikel; deorigin's ghost, amateur MfIE


Innate Abilities, Weirdness & Mutations

You are somewhat resistant to further mutation.


Message History

The orc closely misses you.
The orc priest mumbles some strange prayers to Beogh against you.
Beogh smites you!
A shower of butterflies erupts from you!
You block the orc's attack. The orc misses you.
You barely miss the orc priest.
The orc priest is moderately wounded.
The orc priest mumbles some strange prayers to Beogh against you.
Beogh smites you! The orc hits you but does no damage.
The orc misses your butterfly. The orc hits you but does no damage.
You block the orc's attack.
Unknown command.
You sock the orc priest! You freeze the orc priest.
The orc priest is almost dead.
The orc priest mumbles some strange prayers to Beogh against you.
Pain shoots through your body!
* * * LOW HITPOINT WARNING * * *
The orc hits you but does no damage. The orc hits you with a flail.
You die... "I guess I need a new plaything now."

#### ###### #...
###+#####....# ###'##
......b.#....# #.....
#....(.o.....######.....
......oo.....'....+.....
#....bo@o....######.....
.......#...(..#.......#.
.......#...(....###.###+
.......+..........#...
.......#..........#.....
##.....#....#+#.........
#.....#....+ #.....#+##
#.....#....# #.......
#....# #....####


You could see an orc priest and 4 orcs.

Vanquished Creatures
  2 ogres (D:4)
  A giant frog skeleton (D:5)
  A centaur skeleton (D:4)
  An iguana (D:4)
  Ijyb (D:2)
  3 worker ants
  5 gnolls
  4 adders
  An adder zombie (D:5)
  An adder skeleton (D:4)
  3 worms (D:2)
  2 dart slugs
  2 giant geckos
  15 orcs
  3 giant cockroaches
  13 goblins
  5 hobgoblins
  6 jackals
  3 quokkas (D:4)
  2 ball pythons (D:2)
  10 bats
  A giant newt (D:3)
  7 kobolds
  A quokka skeleton (D:4)
  8 rats
101 creatures vanquished.

Vanquished Creatures (collateral kills)
  An adder (D:2)
  A rat (D:2)
2 creatures vanquished.

Grand Total: 103 creatures vanquished

Notes
Turn   | Place    | Note
--------------------------------------------------------------
     0 | D:1      | Leszczynek the Human Chaos Knight began the quest for the Orb.
     0 | D:1      | Reached XP level 1. HP: 18/18 MP: 1/1
    70 | D:1      | Reached XP level 2. HP: 24/24 MP: 2/2
   154 | D:1      | XOM: silly message
   202 | D:1      | Reached skill level 1 in Throwing
   236 | D:1      | XOM: harmless Summ miscast
   455 | D:1      | XOM: harmless Trmt miscast
   466 | D:1      | Reached XP level 3. HP: 29/29 MP: 3/3
   683 | D:2      | XOM: harmless Divn miscast
   688 | D:2      | Noticed Ijyb
   702 | D:2      | Reached skill level 2 in Throwing
   750 | D:2      | Killed Ijyb
   750 | D:2      | Reached skill level 4 in Maces & Flails
   750 | D:2      | Reached XP level 4. HP: 29/35 MP: 4/4
   781 | D:2      | XOM: scenery: 1 doors open
   958 | D:2      | XOM: harmless Pois miscast
  1035 | D:2      | Found a shattered altar of Ashenzari.
  1035 | D:2      | Found a deep blue altar of Sif Muna.
  1077 | D:2      | Reached XP level 5. HP: 34/41 MP: 5/5
  1083 | D:2      | Reached skill level 3 in Throwing
  1499 | D:3      | Found a blossoming altar of Fedhas.
  1511 | D:3      | XOM: mild Conj miscast
  1514 | D:3      | XOM: potion effect (agility)
  1873 | D:3      | XOM: silly message
  1962 | D:3      | XOM: harmless Fire miscast
  2031 | D:3      | XOM: harmless Fire miscast
  2194 | D:4      | Noticed deorigin's ghost (amateur MfIE)
  2194 | D:4      | XOM: divination: magic mapping
  2195 | D:4      | XOM: silly message
  2196 | D:4      | XOM: cast spell 'Confusing Touch'
  2199 | D:4      | XOM: cast spell 'Spider Form'
  2219 | D:4      | XOM: mild Air miscast
  2222 | D:4      | XOM: noise
  2225 | D:4      | Noticed Pikel
  2225 | D:4      | Noticed a slave
  2226 | D:4      | Noticed a slave
  2227 | D:4      | Noticed a slave
  2239 | D:4      | XOM: enchant monster (good)
  2241 | D:4      | XOM: medium Ice miscast
  2242 | D:4      | XOM: confuse monster(s)
  2658 | D:4      | Noticed an ogre
  2663 | D:4      | Killed an ogre
  2663 | D:4      | Reached skill level 1 in Shields
  2663 | D:4      | Reached XP level 6. HP: 47/47 MP: 6/6
  2699 | D:4      | Noticed an ogre
  2716 | D:4      | Killed an ogre
  2716 | D:4      | Reached skill level 5 in Maces & Flails
  2716 | D:4      | Reached skill level 4 in Throwing
  2844 | D:4      | Reached XP level 7. HP: 52/52 MP: 7/7
  2949 | D:4      | XOM: divination: detect creatures
  2965 | D:4      | XOM: harmless Chrm miscast
  2970 | D:4      | XOM: confuse monster(s)
  3140 | D:5      | XOM: noise
  3140 | D:5      | Entered Level 5 of the Dungeon
  3188 | D:5      | XOM: chaos upgrade
  3190 | D:5      | Reached skill level 2 in Shields
  3196 | D:5      | XOM: polymorph gnoll shaman -> gnoll shaman
  3197 | D:4      | XOM: polymorph gnoll shaman -> iguana
  3325 | D:5      | Found a stormy altar of Qazlal.
  3358 | D:5      | XOM: give mutation
  3358 | D:5      | Gained mutation: You are somewhat resistant to further mutation. [Xom's mischief]
  3441 | D:5      | XOM: mild Erth miscast
  3451 | D:5      | XOM: potion effect (might)
  3616 | D:5      | XOM: butterfly on damage
  3618 | D:5      | HP: 2/52 [orc priest/nerve-wracking pain (13)]
  3618 | D:5      | Slain by an orc

Skill      XL: |  1  2  3  4  5  6  7 |
---------------+----------------------+-----
Throwing       | 1 2 3 4 |  4.6
Maces & Flails | 4 5 |  5.7
Shields        | 1 2 |  2.5
Fighting       | |  3.0
Armour         | |  2.0
Dodging        | |  1.0

Action                   |  1- 3 |  4- 6 |  7- 9 || total
-------------------------+-------+-------+-------++-------
Melee: Mace              |    81 |   224 |    64 ||   369
       Unarmed           |       |     2 |       ||     2
 Fire: Blowgun           |       |     4 |       ||     4
Throw: Javelin           |     1 |     1 |       ||     2
Evoke: Wand              |       |     3 |       ||     3
  Use: Potion            |     1 |     3 |     1 ||     5
       Scroll            |       |     4 |     4 ||     8
 Stab: Sleeping          |       |     1 |       ||     1
       Paralysed         |       |     1 |     2 ||     3
       Petrified         |       |     1 |     1 ||     2
       Confused          |       |       |     1 ||     1
       Petrifying        |       |       |     1 ||     1
  Eat: Chunk             |       |     7 |     2 ||     9
Armor: Leather armour    |    30 |    82 |    24 ||   136
       Skin              |       |       |     5 ||     5
Dodge: Dodged            |    40 |   131 |    35 ||   206
Block: Other             |       |    18 |       ||    18
       Buckler           |       |    20 |    33 ||    53
       Reflection        |       |       |     1 ||     1
